 Dungeon Crawl Stone Soup version 0.20.1-1-g8b1a95d (webtiles) character file.

796807 letownia2 the Executioner (level 27, -2/235 HPs)
             Began as a Deep Dwarf Necromancer on Dec 20, 2017.
             Was an Initiate of Gozag.
             Slain by a greater mummy (13 damage)
             ... on level 1 of the Tomb of the Ancients on Dec 21, 2017.
             The game lasted 05:22:28 (90580 turns).

letownia2 the Executioner (Deep Dwarf Necromancer) Turns: 90580, Time: 05:22:29

Health: -2/235     AC: 21    Str: 28    XL:     27
Magic:  32/35      EV: 18    Int: 31    God:    Gozag
Gold:   3773       SH:  0    Dex: 25    Spells: 10/60 levels left

rFire    + + .     SeeInvis +   a - +7 executioner's axe (vamp)
rCold    + + +     Gourm    .   (shield currently unavailable)
rNeg     + + +     Faith    .   y - +10 crystal plate armour of Evolution {rC++}
rPois    .         Spirit   .   (helmet restricted)
rElec    +         Reflect  .   A - scarf {rC+ rF+}
rCorr    .         Harm     .   e - +0 pair of gloves "Ceuf" {*Drain rF+ Int+2 Dex+3}
MR       +++++                  J - +0 pair of boots of Plasticity {*Drain rElec Dex+7 SInv}
Stlth    ..........             I - macabre finger necklace {rN+}
Regen    0.0/turn               Q - ring of the Duke {*Drain rC+ MR+ Int+4 Dex+4}
MPRegen  0.3/turn               d - ring of Ymmib {rN+ Str+8 Int+4 Stlth-}
                                r - ring of wizardry

@: lethally poisoned (-2 -> -6), silence, corroded, non-regenerating, hasted and
slowed
A: damage resistance, heal wounds, horns 1, molten scales 1, clumsy 1,
deterioration 2, frail 1, low mp 2, negative energy resistance 1, sense
surroundings 3, electricity resistance, no regeneration
}: 4/15 runes: decaying, serpentine, silver, abyssal
a: Heal Wounds, Renounce Religion


You were on level 1 of the Tomb of the Ancients.
You worshipped Gozag.
Gozag was most pleased with you.
You were very full.

You visited 16 branches of the dungeon, and saw 69 of its levels.
You visited the Abyss 1 time.
You also visited: Sewer, Bailey, Ice Cave, Wizlab and Desolation.

You collected 41049 gold pieces.
You spent 4677 gold pieces at shops.
You paid 32599 gold pieces to Gozag.

Inventory:

Hand Weapons
 a - a +7 vampiric executioner's axe (weapon)
 m - a +6 executioner's axe of freezing
Missiles
 p - 49 bolts
Armour
 e - the +0 pair of gloves "Ceuf" (worn) {*Drain rF+ Int+2 Dex+3}
   (You bought it in a shop on level 2 of the Lair of Beasts)

   It affects your intelligence (+2).
   It affects your dexterity (+3).
   It protects you from fire.
   It causes draining when unequipped.
 y - the +10 crystal plate armour of Evolution (worn) {rC++}
   (You bought it in a shop on level 2 of the Lair of Beasts)

   It greatly protects you from cold.
 A - a scarf of resistance (worn)
 J - the +0 pair of boots of Plasticity (worn) {*Drain rElec Dex+7 SInv}
   (You bought it in a shop on level 2 of the Lair of Beasts)

   It affects your dexterity (+7).
   It insulates you from electricity.
   It lets you see invisible.
   It causes draining when unequipped.
Jewellery
 d - the ring of Ymmib (right hand) {rN+ Str+8 Int+4 Stlth-}
   (You took it off a vampire knight on level 3 of the Crypt)

   [ring of positive energy]

   It affects your strength (+8).
   It affects your intelligence (+4).
   It protects you from negative energy.
   It makes you less stealthy.
 r - a ring of wizardry (on amulet)
 I - the macabre finger necklace (around neck) {rN+}
   (You found it on level 4 of the Depths)

   [amulet of nothing]

   It protects you from negative energy.
 Q - the ring of the Duke (left hand) {*Drain rC+ MR+ Int+4 Dex+4}
   (You found it on level 3 of the Elven Halls)

   [ring of protection from magic]

   It affects your intelligence (+4).
   It affects your dexterity (+4).
   It protects you from cold.
   It affects your resistance to hostile enchantments.
   It causes draining when unequipped.
 R - the ring of Suicidal Tendencies {rPois Str+2 Dex+4 SInv}
   (You took it off a deep elf death mage on level 3 of the Elven Halls)

   [ring of dexterity]

   It affects your strength (+2).
   It affects your dexterity (+4).
   It protects you from poison.
   It lets you see invisible.
Wands
 h - a wand of digging (14/24)
 z - a wand of acid (5/15)
 N - a wand of paralysis (12/24)
 Z - a wand of clouds (5/9)
Scrolls
 c - 6 scrolls of holy word
 f - 9 scrolls of immolation
 i - 12 scrolls of identify
 j - 6 scrolls of remove curse
 l - 8 scrolls of magic mapping
 E - a scroll of summoning
 H - 15 scrolls of teleportation
 K - 8 scrolls of fear
 L - 10 scrolls of fog
 T - 7 scrolls of recharging
 X - 7 scrolls of silence
Potions
 g - 10 potions of heal wounds
 k - 2 potions of berserk rage
 n - 7 potions of cancellation
 q - 5 potions of curing
 t - 3 potions of brilliance
 v - 5 potions of might
 w - 7 potions of mutation
 B - 16 potions of lignification
 C - 2 potions of invisibility
 M - 3 potions of flight
 O - 6 potions of resistance
 V - 6 potions of agility
Miscellaneous
 U - a lamp of fire (inert)
Comestibles
 b - a meat ration
 P - 14 fruits
 Y - 3 bread rations


   Skills:
 - Level 18.6 Fighting
 - Level 26.7 Axes
 - Level 24.1 Armour
 - Level 14.4 Dodging
 - Level 2.4 Stealth
 - Level 17.1 Spellcasting
 - Level 5.0 Hexes
 - Level 2.4 Charms
 - Level 2.7 Summonings
 - Level 23.3 Necromancy
 - Level 3.2 Translocations
 - Level 18.2 Transmutations
 - Level 2.6 Fire Magic
 + Level 8.0 Air Magic
 - Level 6.0 Evocations


You had 10 spell levels left.
You knew the following spells:

 Your Spells              Type           Power        Failure   Level  Hunger
a - Pain                  Necr           ####         0%          1    None
b - Inner Flame           Hex/Fire       ######..     3%          3    None
d - Death's Door          Chrm/Necr      #######...   82%         8    ######.
e - Mephitic Cloud        Conj/Pois/Air  #####...     4%          3    None
g - Agony                 Necr           ########     1%          5    None
i - Silence               Hex/Air        ######....   9%          5    None
j - Portal Projectile     Hex/Tloc       ######       2%          3    None
n - Necromutation         Tmut/Necr      ########..   6%          8    ######.
p - Poisonous Vapours     Pois/Air       ######       1%          2    None
q - Ignite Poison         Fire/Tmut/Pois ######..     1%          3    None
s - Swiftness             Chrm/Air       ######..     1%          2    None
v - Vampiric Draining     Necr           ########..   0%          3    None
x - Spectral Weapon       Hex/Chrm       #####...     3%          3    None
z - Summon Butterflies    Summ           #####...     1%          1    None


Dungeon Overview and Level Annotations

Branches:
Dungeon (15/15)            Temple (1/1) D:7            Lair (6/6) D:8
  Swamp (4/4) Lair:4        Snake (4/4) Lair:2        Slime (5/5) Lair:5
    Orc (2/2) D:10            Elf (3/3) Orc:2        Vaults (5/5) D:14
  Crypt (3/3) Vaults:2       Tomb (1/3) Crypt:3      Depths (5/5) D:15
   Hell (1/1)                 Dis (0/7) Hell            Geh (2/7) Hell
    Coc (7/7) Hell            Tar (0/7) Hell            Zot (5/5) Depths:5

Altars:
Ashenzari
Cheibriados
Dithmenos
Elyvilon
Fedhas
Gozag
Hepliaklqana
Kikubaaqudgha
Makhleb
Nemelex Xobeh
Okawaru
Qazlal
Ru
Sif Muna
Trog
Uskayaw
Vehumet
Xom
Yredelemnul
Zin
The Shining One
Beogh
Jiyva
Lugonu

Shops:
D:6 !   Orc:1 :[[:[   Orc:2 =?}(   Elf:1 !   Lair:2 [(*[[[=*([[*[   Vaults:2 %
Hell *[[[[   Depths:2 =%*   Depths:4 !==}   Depths:5 :

Portals:
Hell: Lair:6 Depths:1 Depths:2 Depths:3 Depths:4 Depths:5
Abyss: Depths:2 Depths:3 Depths:4
Pandemonium: Depths:3 Depths:4 Depths:5
Ziggurat: Depths:1
Trove: Depths:4 (give 14 scrolls of teleportation)

Annotations:
D:4 exclusion: worm
Lair:4 exclusion: 4 oklob plants
Snake:3 Mara
Slime:5 Royal Jelly
Elf:2 3 runed doors
Depths:5 3 runed doors
Coc:7 exclusion: ice statue
Zot:5 1 exclusion


Innate Abilities, Weirdness & Mutations

You are resistant to damage.
You can heal yourself by infusing magical energy.
You resist negative energy. (rN+)
You passively map a large area around you.
You do not regenerate.
You have a pair of small horns on your head.
You are partially covered in molten scales. (AC +2)
You are clumsy. (Dex -2)
Your body often deteriorates upon taking damage.
You are frail. (-10% HP)
Your magical capacity is very low. (-20% MP)
You are resistant to electric shocks. (rElec)


Message History

Okay, then.
Okay, then.
You feel much better. The vampire misses you.
The vampire bites you but does no damage.
The greater mummy closely misses you.
The greater mummy hits you but does no damage.
The guardian mummy misses you. The vampire closely misses you.
The vampire bites you but does no damage.
The reaper hits you from afar with a scythe of venom!!
* * * LOW HITPOINT WARNING * * *
You are poisoned.
Unknown command.
You feel yourself speed up.
You feel very sick.
The greater mummy completely misses you.
The greater mummy misses you. The vampire closely misses you.
The vampire barely misses you. The guardian mummy misses you.
The greater mummy hits you!
You die...
Your body crumbles into a pile of gold.

...................).............
.................................
.................................
..........................⌠.⌠....
.................................
.................................
................W.....§..........
..............2MVM.§§....8...8...
................@M§..............
......##################.......##
......# * * #.8...8.# ......#*>,
, #.n.....# ......# , , ,*
#W......# ......# *, , #.8...8.#
......#*, , * ,, #.......#
......# , , , #M......# ......#*
, #.8...8.#


You could see 2 greater mummies, a reaper, a guardian mummy, a freezing wraith
and a vampire.

Vanquished Creatures
  The ghost of letownia2 the Executioner, a legendary DDNe of Gozag (Depths:4)
  Mennas (Depths:5)
  3 orbs of fire
  4 ancient liches
  A juggernaut (Depths:5)
  A greater mummy (Tomb:1)
  Frederick (Crypt:2)
  11 shard shrikes
  Bai Suzhen (Vaults:3)
  Margery (Vaults:3)
  The ghost of amentoraz the Crack Shot, a veteran CeHu of Okawaru (Hell)
  A Killer Klown (Zot:1)
  the Lernaean hydra (Swamp:4)
  A caustic shrike (Depths:4)
  4 curse toes
  Vashnia (Snake:4)
  Geryon (Hell)
  4 golden dragons
  Xtahua (Crypt:1)
  A profane servitor (Abyss:4)
  Jory (Crypt:3)
  4 bone dragons
  4 electric golems
  A Brimstone Fiend (Depths:5)
  2 hellephants
  Jorgrun (Elf:3)
  3 titans
  5 Orb Guardians (Zot:5)
  A Hell Sentinel (Abyss:4)
  11 tentacled monstrosities
  2 Ice Fiends
  3 liches
  A shard shrike skeleton (Crypt:2)
  2 deep elf master archers (Elf:3)
  Asterion (Elf:3)
  12 sphinxes
  An Executioner (Depths:3)
  6 quicksilver dragons
  2 deep elf blademasters (Elf:3)
  18 acid blobs
  8 ancient champions
  16 storm dragons
  8 death cobs
  7 tentacled starspawn
  8 tengu reavers
  4 draconian monks
  10 shadow dragons
  7 azure jellies
  4 thorn hunters
  2 revenants
  9 nagarajas
  Donald (Elf:2)
  6 fire giants
  4 iron dragons
  11 deep elf sorcerers
  16 frost giants
  14 vault wardens
  3 orc warlords
  4 ghost moths
  5 draconian knights
  4 balrugs
  4 curse skulls
  10 ghouls
  5 draconian scorchers
  Aizul (Snake:2)
  7 draconian shifters
  An imperial myrmidon (Desolation)
  An angel (Abyss:1)
  5 draconian stormcallers
  5 draconian annihilators
  A spriggan defender (Depths:4)
  3 deep elf elementalists
  29 stone giants
  A juggernaut skeleton (Crypt:2)
  5 reapers
  17 ironheart preservers
  8 green draconians
  2 war gargoyles
  33 very ugly things
  An ophan (Abyss:5)
  An entropy weaver (Vaults:2)
  18 vampire knights
  2 lorocyprocas
  10 yellow draconians
  6 deep elf demonologists
  A halazid warlock (Desolation)
  6 deep elf annihilators
  9 black draconians
  A dire elephant (Lair:6)
  8 purple draconians
  12 white draconians
  4 spark wasps
  7 deep elf death magi
  10 red draconians
  2 green deaths (Snake:3)
  17 ettins
  5 blizzard demons
  4 death oozes
  2 quicksilver dragon zombies
  3 crystal guardians
  8 ragged hierophants (Desolation)
  A kraken zombie (Coc:3)
  5 deep elf high priests
  9 jiangshi
  8 eidola
  20 ogre magi
  10 fire dragons
  21 yaktaur captains
  12 servants of whispers (Desolation)
  Erolcha (D:9)
  7 rakshasas
  3 ghost crabs
  19 ice dragons
  33 vault guards
  12 great orbs of eyes
  2 quicksilver dragon skeletons (Coc:3)
  5 catoblepae
  15 peacekeepers
  7 spriggan air magi
  8 naga warriors
  A hell beast (Depths:1)
  27 hydras
  An anaconda (shapeshifter) (Elf:3)
  17 centaur warriors
  7 anacondas
  56 two-headed ogres
  3 death knights
  4 death scarabs (Tomb:1)
  2 thrashing horrors (Abyss:1)
  6 death yaks
  8 deep troll shamans
  4 orc high priests
  2 spriggan berserkers
  8 tengu warriors
  17 vampire magi
  7 alligators
  10 deep troll earth magi
  4 titan zombies
  19 naga sharpshooters
  9 shock serpents
  11 hell hogs
  20 deep elf knights
  14 sun demons
  2 iron golems (Hell)
  11 soul eaters
  54 skeletal warriors
  6 storm dragon zombies
  8 shadow wraiths
  5 iron trolls
  2 sixfirhies
  13 wretched stars
  A salamander mystic (Snake:4)
  7 spatial maelstroms
  10 flayed ghosts
  6 golden dragon zombies
  18 hell knights
  A shadow demon (Abyss:5)
  7 glowing orange brains
  A storm dragon skeleton (Coc:5)
  An iron giant zombie (Crypt:1)
  5 wizards
  A ghost moth zombie (Coc:7)
  A torturous demonspawn (Depths:3)
  8 swamp dragons
  15 deep elf archers
  An entropy weaver zombie (WizLab)
  5 spriggan druids
  26 deep trolls
  18 orc knights
  Pikel (D:9)
  24 phantasmal warriors
  11 naga ritualists
  6 anaconda zombies
  4 shambling mangroves
  A mana viper (shapeshifter) (Vaults:5)
  A lindwurm (Lair:3)
  27 ironbrand convokers
  A golden dragon skeleton (Crypt:1)
  10 harpies
  A shadow dragon zombie (Hell)
  52 deep elf magi
  A wolf spider zombie (Crypt:1)
  An iron dragon zombie (Coc:5)
  6 shining eyes
  3 wolf spiders (Vaults:4)
  24 necromancers
  7 orc sorcerers
  60 ugly things
  9 cyclopes
  8 mana vipers
  2 fire giant zombies
  10 salamanders
  18 moths of wrath
  A sphinx skeleton (Vaults:4)
  5 frost giant zombies
  2 shadow dragon skeletons
  2 elephants (shapeshifter)
  4 manticores
  5 stone giant zombies
  A cyclops (shapeshifter) (Vaults:3)
  2 fire giant skeletons
  15 elephants
  2 stone giant skeletons
  A frost giant skeleton (Crypt:3)
  5 worldbinders
  37 black mambas
  30 naga magi
  2 demonspawn zombies
  15 vault sentinels
  3 ice statues
  A water nymph (shapeshifter) (Depths:5)
  3 human skeletons
  14 spiny frogs
  10 guardian serpents
  A torpor snail (Lair:4)
  11 smoke demons
  7 orange demons
  2 gargoyles
  8 rust devils
  A storm dragon simulacrum (Vaults:2)
  3 dire elephant skeletons
  4 apocalypse crabs
  2 demonic crawlers
  A shock serpent skeleton (Crypt:3)
  5 eyes of devastation
  3 hellions
  A yaktaur zombie (Vaults:4)
  A black draconian zombie (Crypt:3)
  32 freezing wraiths
  11 rime drakes
  44 yaktaurs
  A catoblepas zombie (WizLab)
  A rime drake (shapeshifter) (Vaults:4)
  10 komodo dragons
  5 tormentors
  4 efreet
  An emperor scorpion zombie (Crypt:3)
  2 kobold demonologists
  A yaktaur skeleton (Vaults:3)
  4 anaconda simulacra (IceCv)
  3 red devils
  11 trolls
  6 hellwings
  12 ancient zymes
  29 ice devils
  4 tengu conjurers
  A hornet (shapeshifter) (Depths:4)
  5 guardian mummies
  4 tyrant leeches
  A queen bee (Abyss:3)
  14 meliai
  8 alligator zombies
  16 raiju
  85 saltlings
  20 hornets
  16 blink frogs
  A harpy skeleton (D:13)
  10 hydra zombies
  3 fire dragon zombies
  5 dream sheep
  5 spriggan zombies
  24 bog bodies
  A meliai zombie (D:12)
  2 iron dragon simulacra (Crypt:1)
  8 wind drakes (Depths:2)
  A frost giant simulacrum (Coc:3)
  Prince Ribbit (D:9)
  2 ettin zombies (Coc:7)
  A raiju (shapeshifter) (Elf:1)
  20 hippogriffs
  A blink frog (shapeshifter) (Vaults:1)
  3 fire giant simulacra
  An ice dragon zombie (Coc:7)
  138 slime creatures
  2 spriggans (shapeshifter)
  21 flying skulls
  A redback (shapeshifter) (Vaults:5)
  A satyr zombie (Crypt:1)
  4 centaur simulacra
  22 starcursed masses
  An alligator skeleton (Hell)
  A deep troll skeleton (Depths:1)
  3 ynoxinuls
  21 air elementals
  3 ettin skeletons
  An ice dragon skeleton (Coc:1)
  8 shadows
  3 wyverns
  6 dire elephant simulacra (IceCv)
  A spriggan skeleton (Depths:1)
  9 spriggans
  24 vampires
  15 wraiths
  A human (shapeshifter) (Depths:3)
  31 yaks
  3 fire dragon skeletons
  A black mamba skeleton (Crypt:3)
  A fire bat (shapeshifter) (Vaults:5)
  19 golden eyes
  13 water elementals
  Grum (D:8)
  5 hungry ghosts
  An elf simulacrum (Depths:1)
  5 basilisks
  5 chaos spawn
  12 fire elementals
  4 vampire mosquitoes
  A neqoxec (Abyss:5)
  A yaktaur simulacrum (Vaults:4)
  23 insubstantial wisps
  13 wargs
  12 swamp worms
  4 hydra simulacra
  45 nagas
  3 torturous demonspawn zombies
  4 harpy simulacra
  3 iron troll simulacra (IceCv)
  3 spatial vortices (Abyss:1)
  6 spiny frog zombies
  An acid dragon (D:15)
  A merfolk zombie (Crypt:3)
  4 hell hounds
  12 water moccasins
  27 large abominations
  A soldier ant (shapeshifter) (Elf:1)
  A floating eye (shapeshifter) (Vaults:2)
  5 porcupines
  18 swamp drakes
  61 orc warriors
  4 slaves
  8 ice beasts
  3 spiny frog skeletons
  6 necrophages
  5 ettin simulacra
  2 black bears
  A deep troll simulacrum (Depths:1)
  5 eyes of draining
  A boggart (Depths:3)
  2 sky beasts
  An orc zombie (WizLab)
  2 phantoms
  A snapping turtle skeleton (Coc:5)
  2 eyes of draining (shapeshifter)
  47 ogres
  3 snapping turtle zombies
  30 wolves
  2 lindwurm skeletons
  24 centaurs
  12 small abominations
  17 crocodiles
  3 elf zombies
  A fire crab zombie (Crypt:3)
  5 big kobolds
  27 bullfrogs
  3 earth elementals
  2 water moccasin zombies
  A hornet simulacrum (D:15)
  4 scorpions
  15 killer bees
  The ghost of letownia2 the Grave Robber, a weakling DDNe (D:3)
  8 wights
  An electric eel (Lair:3)
  4 howler monkeys
  10 crimson imps
  8 centaur zombies
  2 draconian simulacra (IceCv)
  2 human simulacra
  2 quasits (Abyss:1)
  10 hounds
  9 jellies
  A human zombie (Crypt:3)
  29 orc priests
  7 bullfrog skeletons
  3 centaur skeletons
  4 iron imps
  4 iguanas
  27 orc wizards
  13 worker ants
  5 troll simulacra (IceCv)
  3 polar bear simulacra (IceCv)
  A spriggan simulacrum (IceCv)
  A lightning spire (Zot:4)
  3 killer bee zombies
  An ogre zombie (Crypt:1)
  An acid dragon zombie (Crypt:1)
  A felid zombie (Crypt:1)
  A tengu skeleton (Crypt:3)
  A hound skeleton (D:11)
  8 mummies
  20 adders
  2 naga simulacra (IceCv)
  4 ogre simulacra (IceCv)
  A river rat (shapeshifter) (Vaults:4)
  5 shadow imps
  15 white imps
  14 ufetubi
  An ooze (D:2)
  2 adder skeletons
  An adder zombie (D:7)
  A lava snake skeleton (Crypt:2)
  3 worms
  2 dart slugs (D:1)
  4 leopard geckos
  104 orcs
  A bat zombie (Crypt:3)
  6 giant cockroaches
  5 hobgoblins
  9 jackals
  A quokka (D:6)
  3 ball pythons
  A ball python skeleton (Crypt:2)
  11 bats
  9 frilled lizards
  11 goblins
  A goblin skeleton (Crypt:3)
  A jackal skeleton (Crypt:3)
  18 kobolds
  2 leopard gecko skeletons
  A quokka skeleton (D:7)
  A quokka zombie (D:7)
  5 rats
  19 briar patches
  A butterfly (Lair:4)
  4 fungi
  2 lurking horrors
  2 plants
  6 starspawn tentacles
3519 creatures vanquished.

Vanquished Creatures (collateral kills)
  A vault sentinel (Vaults:2)
  A snapping turtle (Orc:2)
2 creatures vanquished.

Vanquished Creatures (others)
  A lich (Depths:1)
  A draconian monk (Zot:2)
  An elemental wellspring (Coc:5)
  16 dancing weapons
  A two-headed ogre (Depths:1)
  A wretched star (Abyss:4)
  A deep elf mage (Elf:3)
  A blink frog (Swamp:3)
  A warg (Vaults:4)
  2 orc wizards
  16 ball lightnings (Depths:2)
  4 briar patches (Swamp:1)
  2 bushes (Lair:6)
  17 fungi
  32 plants
  11 starspawn tentacles
  4 tentacles (Coc:3)
  12 toadstools (Lair:3)
124 creatures vanquished.

Grand Total: 3645 creatures vanquished

Notes
Turn   | Place    | Note
-------+----------+-------------------------------------------
     0 | D:1      | letownia2 the Deep Dwarf Necromancer began the quest for the Orb.
     0 | D:1      | Reached XP level 1. HP: 15/15 MP: 3/3
   238 | D:3      | Reached XP level 2. HP: 17/22 MP: 1/5
   260 | D:3      | Found a glowing drain.
   440 | D:3      | Reached skill level 5 in Necromancy
   533 | Sewer    | Entered a sewer
   554 | Sewer    | Reached XP level 3. HP: 16/28 MP: 1/6
   568 | Sewer    | Learned a level 3 spell: Vampiric Draining
   947 | Sewer    | Reached XP level 4. HP: 29/36 MP: 1/7
  1140 | Sewer    | Noticed a bullfrog
  1152 | Sewer    | Killed a bullfrog
  1152 | Sewer    | Reached XP level 5. HP: 17/42 MP: 0/8
  1437 | D:4      | Reached XP level 6. HP: 32/49 MP: 1/9
  1844 | D:4      | Found a deep blue altar of Sif Muna.
  2244 | D:5      | Entered Level 5 of the Dungeon
  2291 | D:5      | Noticed an ice beast
  2514 | D:5      | Reached skill level 1 in Fighting
  2514 | D:5      | Reached skill level 1 in Armour
  2542 | D:5      | Reached XP level 7. HP: 26/57 MP: 4/11
  3428 | D:6      | Found an ancient bone altar of Kikubaaqudgha.
  3476 | D:6      | Found Ahurol's Distillery.
  3500 | D:6      | Bought a potion of berserk rage for 60 gold pieces
  4245 | D:6      | Reached XP level 8. HP: 61/67 MP: 1/14
  4686 | D:7      | Found a staircase to the Ecumenical Temple.
  4695 | Temple   | Entered the Ecumenical Temple
  4854 | Temple   | Became a worshipper of Gozag Ym Sagoz the Greedy
  4895 | D:7      | Reached skill level 1 in Axes
  4951 | D:7      | Reached skill level 2 in Axes
  4951 | D:7      | Reached skill level 5 in Spellcasting
  5363 | D:7      | Reached skill level 3 in Axes
  5674 | D:3      | Noticed letownia2's ghost (weakling DDNe)
  5699 | D:3      | Killed letownia2's ghost
  6285 | D:2      | Reached skill level 1 in Evocations
  6732 | D:2      | Gained mutation: You passively map the area around you. [Deep Dwarf growth]
  6732 | D:2      | Reached XP level 9. HP: 57/73 MP: 12/18
  6745 | D:2      | Found a hazy altar of Hepliaklqana.
  7526 | D:8      | Noticed a five-headed hydra
  7570 | D:8      | Killed a five-headed hydra
  7570 | D:8      | Reached skill level 5 in Evocations
  7622 | D:8      | Paralysed by a hornet for 3 turns
  7626 | D:8      | Paralysed by a hornet for 3 turns
  7799 | D:8      | Reached XP level 10. HP: 62/80 MP: 12/22
  7880 | D:8      | Noticed Grum
  7891 | D:8      | Killed Grum
  7964 | D:8      | Reached skill level 4 in Axes
  7987 | D:8      | Found a staircase to the Lair.
  8275 | D:8      | Learned a level 3 spell: Inner Flame
  8279 | D:8      | Learned a level 3 spell: Portal Projectile
  8282 | D:9      | Noticed Prince Ribbit
  8290 | D:9      | Killed Prince Ribbit
  8407 | D:9      | Reached skill level 5 in Axes
  8443 | D:9      | Reached skill level 10 in Necromancy
  8578 | D:9      | Reached skill level 6 in Axes
  8696 | D:9      | Noticed Pikel
  8904 | D:9      | Reached skill level 7 in Axes
  9149 | D:9      | Killed Pikel
  9149 | D:9      | Reached XP level 11. HP: 82/86 MP: 20/24
  9166 | D:9      | Noticed a centaur warrior
  9540 | D:9      | Noticed Erolcha
  9562 | D:9      | Killed Erolcha
  9630 | D:9      | Noticed a two-headed ogre
  9746 | D:9      | Killed a two-headed ogre
  9766 | D:9      | Got a transparent whip {slash}
  9767 | D:9      | Identified the +6 whip of the Dwarven Hall {slash, -Tele rPois Int+7} (You took it off a wight on level 9 of the Dungeon)
  9992 | D:9      | Reached skill level 8 in Axes
 10105 | D:9      | Noticed a two-headed ogre
 10111 | D:9      | Killed a two-headed ogre
 10223 | D:10     | Entered Level 10 of the Dungeon
 10308 | Lair:1   | Entered Level 1 of the Lair of Beasts
 10586 | Lair:1   | Reached skill level 5 in Fighting
 10586 | Lair:1   | Reached skill level 9 in Axes
 10818 | Lair:2   | Noticed a five-headed hydra
 10819 | Lair:2   | Killed a five-headed hydra
 10835 | Lair:2   | Bought a scroll labeled KOLISELETIC for 29 gold pieces
 11036 | D:10     | Reached XP level 12. HP: 75/103 MP: 18/25
 11108 | D:10     | Found a staircase to the Orcish Mines.
 11628 | D:10     | Reached skill level 5 in Armour
 12382 | D:11     | Noticed a two-headed ogre
 12395 | D:11     | Killed a two-headed ogre
 12796 | Orc:1    | Entered Level 1 of the Orcish Mines
 12805 | Orc:1    | Found Vaithuhua's Antique Armour Boutique.
 12815 | Orc:1    | Bought a pair of scorched boots for 209 gold pieces
 12825 | Orc:1    | Identified the +1 pair of boots of Untold Secrets {MR- Str+5 Dex+5} (You bought it in a shop on level 1 of the Orcish Mines)
 12849 | Orc:1    | Found Lopuwolo's Book Shoppe.
 13105 | Orc:1    | Found Mahel's Armour Shoppe.
 13385 | Orc:1    | Found Poovys's Armour Shoppe.
 13617 | Orc:1    | Found Meewn's Book Shop.
 13741 | Orc:1    | Noticed an ettin
 13765 | Orc:1    | Killed an ettin
 13844 | Orc:2    | Entered Level 2 of the Orcish Mines
 14110 | Orc:2    | Reached skill level 10 in Axes
 14436 | Orc:2    | Found a staircase to the Elven Halls.
 14520 | Orc:2    | Found a roughly hewn altar of Beogh.
 14911 | Orc:2    | Noticed an orc high priest
 14950 | Orc:2    | Killed an orc high priest
 14969 | Orc:2    | Noticed an orc high priest
 15054 | Orc:1    | Reached skill level 11 in Axes
 15133 | Orc:2    | Killed an orc high priest
 15302 | Orc:2    | Noticed an orc high priest
 15345 | Orc:2    | Killed an orc high priest
 15589 | Orc:2    | Reached XP level 13. HP: 20/109 MP: 16/26
 15827 | Lair:2   | Got a jewelled war axe
 15828 | Lair:2   | Identified the +2 war axe "Kesmu" {venom, Int+5 Stlth+} (You found it on level 2 of the Lair of Beasts)
 15888 | Lair:2   | Found a staircase to the Snake Pit.
 16158 | Lair:2   | Bought the cursed +0 pair of gloves "Ceuf" {*Drain rF+ Int+2 Dex+3} for 224 gold pieces
 16393 | Orc:2    | Reached skill level 12 in Axes
 16637 | Orc:2    | Found Raase's Antique Weapon Boutique.
 16641 | Orc:2    | Found Hoygreg's Gadget Shoppe.
 16649 | Orc:2    | Found Xyrphugaa's Magic Scroll Shoppe.
 16672 | Orc:2    | Found Cer Gext's Jewellery Boutique.
 17073 | D:12     | Found a flagged portal.
 17125 | Bailey   | Entered a bailey
 17142 | Bailey   | Reached skill level 13 in Axes
 17517 | Bailey   | Reached skill level 14 in Axes
 18725 | Snake:1  | Entered Level 1 of the Snake Pit
 19048 | Lair:2   | Reached skill level 15 in Axes
 19060 | Lair:2   | Identified a scroll of acquirement
 19924 | Lair:6   | Entered Level 6 of the Lair of Beasts
 20028 | Lair:6   | Gained mutation: You resist negative energy. (rN+) [Deep Dwarf growth]
 20028 | Lair:6   | Reached XP level 14. HP: 74/117 MP: 18/27
 21087 | Lair:6   | Reached skill level 16 in Axes
 21489 | Lair:6   | Found a sacrificial altar of Ru.
 21562 | Lair:6   | Identified the Handbook of Boosting Cold
 22228 | Lair:6   | Found a burning altar of Makhleb.
 23336 | Lair:6   | Found a gateway to Hell.
 23595 | Lair:2   | Bought a pair of ichor-stained boots for 342 gold pieces
 23595 | Lair:2   | Bought a pair of heavily runed gloves for 342 gold pieces
 23611 | Lair:2   | Identified the +0 pair of boots of Plasticity {*Drain rElec Dex+7 SInv} (You bought it in a shop on level 2 of the Lair of Beasts)
 23628 | Lair:2   | Identified the cursed +0 pair of gloves "Feemeat" {*Corrode +Blink rN+ Str+3} (You bought it in a shop on level 2 of the Lair of Beasts)
 23770 | D:13     | Reached skill level 17 in Axes
 23941 | D:13     | You fall through a shaft for 2 floors!
 23941 | D:15     | Entered Level 15 of the Dungeon
 24026 | D:15     | Reached XP level 15. HP: 81/128 MP: 11/28
 24181 | D:15     | Reached skill level 18 in Axes
 24789 | D:15     | Got a smoking plate armour
 24809 | D:15     | Identified the +6 plate armour "Bones" {rF+ rN+ MR+ Dex+4} (You found it on level 15 of the Dungeon)
 24833 | D:15     | Found a staircase to the Depths.
 25221 | D:15     | Reached skill level 19 in Axes
 27748 | Orc:2    | Noticed an orc warlord
 27862 | Orc:2    | Killed an orc warlord
 27862 | Orc:2    | Reached skill level 20 in Axes
 27928 | Elf:1    | Entered Level 1 of the Elven Halls
 28030 | Elf:1    | Found Sil Egga's Distillery.
 28163 | Elf:1    | Found a radiant altar of Vehumet.
 28177 | Elf:1    | Found a frozen archway.
 28285 | IceCv    | Entered an ice cave
 28444 | IceCv    | Reached XP level 16. HP: 122/138 MP: 29/29
 29043 | IceCv    | Noticed an Ice Fiend
 29071 | IceCv    | Killed an Ice Fiend
 29221 | IceCv    | Got a pair of ichor-stained boots
 29222 | IceCv    | Identified the +1 pair of boots of the Nine Friends {rF+} (You found it in an ice cave)
 30175 | Elf:1    | Identified the Incunabulum of Darkness
 30187 | Elf:1    | Learned a level 5 spell: Agony
 30644 | Elf:2    | Noticed Donald
 30681 | Elf:2    | Killed Donald
 30681 | Elf:2    | Reached skill level 21 in Axes
 30889 | Elf:1    | Learned a level 1 spell: Summon Butterflies
 31116 | Elf:2    | Found a runed gate.
 31116 | Elf:2    | Found a runed gate.
 31116 | Elf:2    | Found a runed gate.
 31280 | Elf:3    | Entered Level 3 of the Elven Halls
 31341 | Elf:3    | Found a magical portal.
 31369 | Elf:3    | Noticed Jorgrun
 31388 | Elf:3    | Killed Jorgrun
 31519 | WizLab   | Entered Doroklohe's Tomb
 32032 | WizLab   | Noticed an ancient lich
 32184 | WizLab   | Killed an ancient lich
 32184 | WizLab   | Reached skill level 22 in Axes
 32458 | WizLab   | Got a steaming chain mail
 32469 | WizLab   | Identified the +5 chain mail of the Gusle {Int+3} (You found it in a wizard's laboratory)
 33597 | Elf:3    | Noticed Asterion
 33661 | Elf:3    | Noticed an Executioner
 33667 | Elf:3    | HP: 5/138 [Executioner[Asterion] (3)]
 33708 | Elf:1    | Reached XP level 17. HP: 36/145 MP: 15/30
 34582 | Elf:3    | Killed Asterion
 35750 | Snake:2  | Reached skill level 10 in Armour
 35821 | Snake:2  | Reached skill level 5 in Dodging
 35889 | Snake:4  | Entered Level 4 of the Snake Pit
 35915 | Snake:4  | Found a glowing golden altar of the Shining One.
 36012 | Snake:4  | Noticed Mara
 36021 | Snake:4  | Got a pair of bloodstained gloves
 36024 | Snake:4  | Noticed letownia2's illusion
 36052 | Snake:3  | Identified the +0 pair of gloves of the Beggar {Str+3 Int-4} (You found it on level 4 of the Snake Pit)
 36150 | Snake:4  | Noticed letownia2's illusion
 36165 | Snake:3  | Noticed letownia2's illusion
 36647 | Snake:3  | Noticed letownia2's illusion
 36905 | Snake:3  | Noticed letownia2's illusion
 37153 | Snake:2  | Noticed Aizul
 37175 | Snake:2  | Killed Aizul
 37822 | Snake:4  | Reached skill level 23 in Axes
 38309 | Snake:4  | Gained mutation: You passively map a large area around you. [Deep Dwarf growth]
 38309 | Snake:4  | Reached XP level 18. HP: 121/158 MP: 31/31
 38839 | Snake:4  | Got a serpentine rune of Zot
 38847 | Snake:4  | Noticed Vashnia
 39125 | Snake:4  | Killed Vashnia
 39125 | Snake:4  | Reached skill level 24 in Axes
 39331 | Lair:2   | Bought a pair of shimmering gloves for 313 gold pieces
 39331 | Lair:2   | Identified the cursed -3 pair of gloves of Repulsion {Regen+ Int+3 Dex+2} (You bought it in a shop on level 2 of the Lair of Beasts)
 39833 | D:14     | Found a gate to the Vaults.
 40295 | Vaults:1 | Entered Level 1 of the Vaults
 40955 | Vaults:2 | Found Ojipel Ysso's Food Boutique.
 41111 | Vaults:2 | Reached skill level 25 in Axes
 41165 | Vaults:2 | Found a staircase to the Crypt.
 41474 | Vaults:2 | Reached XP level 19. HP: 129/165 MP: 32/32
 41606 | Crypt:1  | Entered Level 1 of the Crypt
 41639 | Crypt:1  | Noticed Xtahua
 41644 | Crypt:1  | Killed Xtahua
 41878 | Vaults:3 | Found a ruined gateway.
 42084 | Desolati | Entered the Desolation of Salt
 42117 | Desolati | Reached skill level 26 in Axes
 42401 | Desolati | Reached skill level 10 in Fighting
 42635 | Desolati | Identified Jaitiusa's Almanac of the Supportive Traveller
 42637 | Desolati | Identified the Compendium of Dark Clay
 43305 | Desolati | Got an ichor-stained eveningstar
 43832 | Vaults:3 | Reached XP level 20. HP: 180/184 MP: 33/33
 45028 | Crypt:1  | HP: 3/184 [vampire knight/great mace (8)]
 45520 | Lair:3   | Found a runed door.
 45726 | Lair:3   | Reached skill level 10 in Dodging
 46658 | Elf:3    | Identified Ymuxketa's Disquisition on Shifting Enchantment
 46703 | Elf:3    | Got a sparkling gossamer ring
 46712 | Elf:3    | Got a faintly glowing copper ring
 46735 | Elf:3    | Learned a level 3 spell: Spectral Weapon
 47164 | Elf:3    | Identified the ring of the Duke {*Drain rC+ MR+ Int+4 Dex+4} (You found it on level 3 of the Elven Halls)
 47166 | Elf:3    | Identified the ring of Suicidal Tendencies {rPois Str+2 Dex+4 SInv} (You took it off a deep elf death mage on level 3 of the Elven Halls)
 47862 | Vaults:4 | Reached skill level 15 in Armour
 47913 | Vaults:4 | Reached XP level 21. HP: 103/192 MP: 34/34
 49016 | Lair:2   | Bought a jewelled crystal plate armour for 2380 gold pieces
 49026 | Lair:2   | Identified the +10 crystal plate armour of Evolution {rC++} (You bought it in a shop on level 2 of the Lair of Beasts)
 49197 | Depths:1 | Entered Level 1 of the Depths
 49401 | Depths:1 | Found a shattered altar of Ashenzari.
 49446 | Depths:1 | Found a gateway to a ziggurat.
 50104 | Vaults:5 | Entered Level 5 of the Vaults
 50163 | Vaults:5 | Noticed an ancient lich
 50171 | Vaults:5 | Reached XP level 22. HP: 206/206 MP: 35/35
 50352 | Vaults:4 | Killed an ancient lich
 51065 | Vaults:5 | Noticed an ancient lich
 51065 | Vaults:5 | Reached skill level 15 in Fighting
 51086 | Vaults:5 | Killed an ancient lich
 51848 | Lair:2   | Identified the +3 eveningstar "Dragon's Tongue" {flame, Dex+3} (You found it in the Desolation of Salt)
 52688 | Vaults:5 | Got a silver rune of Zot
 52748 | Vaults:5 | Got a distressingly furry plate armour
 53005 | Vaults:5 | Reached XP level 23. HP: 214/219 MP: 36/36
 53051 | Vaults:5 | Identified the +1 plate armour "Xoew Fip" {Dex+4} (You found it on level 5 of the Vaults)
 54219 | Lair:2   | Learned a level 2 spell: Swiftness
 55013 | Hell     | Entered the Vestibule of Hell
 55013 | Hell     | Noticed Geryon
 55644 | Depths:2 | Found a corrupted altar of Lugonu.
 55646 | Depths:2 | Found a one-way gate to the infinite horrors of the Abyss.
 55718 | Hell     | Killed Geryon
 55740 | Hell     | Reached skill level 15 in Necromancy
 55793 | Hell     | Found a gateway to the freezing wastes of Cocytus.
 55816 | Hell     | Noticed amentoraz's ghost (veteran CeHu)
 55870 | Depths:2 | Found Zeten's General Store.
 55873 | Depths:2 | Found Tuymn's Food Shop.
 55875 | Depths:2 | Found Japsatt's Jewellery Boutique.
 56547 | Hell     | Killed amentoraz's ghost
 56594 | Hell     | Reached XP level 24. HP: 234/234 MP: 36/36
 56618 | Hell     | Found a gateway to the Iron City of Dis.
 56965 | Hell     | Noticed a shard shrike
 57006 | Hell     | Killed a shard shrike
 57068 | Hell     | Found a gateway to the ashen valley of Gehenna.
 57176 | Hell     | Found a gateway to the decaying netherworld of Tartarus.
 57889 | Depths:3 | Got a faintly glowing plate armour
 57927 | Depths:3 | Found a one-way gate leading to the halls of Pandemonium.
 58336 | Hell     | Identified the +2 plate armour of Adewuso {MP+9 Dex+3 Stlth+} (You found it on level 3 of the Depths)
 59214 | Coc:1    | Entered Level 1 of Cocytus
 60328 | Depths:4 | Reached skill level 10 in Spellcasting
 60480 | Depths:4 | Found a portal to a secret trove of treasure.
 60556 | Depths:4 | Found Piumoaf's Gadget Boutique.
 60556 | Depths:4 | Found Lutefa's Jewellery Emporium.
 60557 | Depths:4 | Found Sepp's Jewellery Emporium.
 60620 | Depths:4 | Found Coskoar's Distillery.
 60623 | Depths:4 | Noticed letownia2's ghost (legendary DDNe)
 60694 | Depths:4 | Killed letownia2's ghost
 60851 | Depths:4 | Reached skill level 1 in Summonings
 60881 | Depths:4 | Reached skill level 1 in Fire Magic
 60882 | Depths:4 | Reached skill level 1 in Translocations
 60882 | Depths:4 | Reached XP level 25. HP: 244/244 MP: 37/37
 60899 | Depths:4 | Reached skill level 1 in Hexes
 60939 | Depths:4 | Reached skill level 1 in Charms
 60939 | Depths:4 | Reached skill level 1 in Air Magic
 62486 | Crypt:2  | Noticed Frederick
 62509 | Crypt:2  | Killed Frederick
 63877 | Crypt:3  | Entered Level 3 of the Crypt
 64368 | Crypt:3  | Found a staircase to the Tomb.
 64938 | Hell     | Learned a level 8 spell: Necromutation
 64947 | Hell     | Learned a level 8 spell: Death's Door
 65499 | Vaults:3 | Noticed Margery
 65510 | Vaults:3 | Killed Margery
 65578 | Vaults:3 | Noticed Bai Suzhen
 65861 | Vaults:3 | Killed Bai Suzhen
 68366 | Crypt:3  | Reached XP level 26. HP: 237/255 MP: 39/39
 68844 | Lair:5   | Found a staircase to the Slime Pits.
 69125 | Lair:5   | Got a twitching marble ring
 69522 | Vaults:1 | Identified the ring "Kamosih" {rN+ EV+4} (You found it on level 5 of the Lair of Beasts)
 70698 | Lair:4   | Found a staircase to the Swamp.
 70778 | Swamp:1  | Entered Level 1 of the Swamp
 71148 | Swamp:1  | Reached skill level 1 in Transmutations
 72669 | Swamp:3  | Reached skill level 5 in Transmutations
 73042 | Swamp:4  | Entered Level 4 of the Swamp
 73700 | Swamp:4  | Noticed the 27-headed Lernaean hydra
 73715 | Swamp:4  | Killed the 27-headed Lernaean hydra
 73728 | Swamp:4  | Got a decaying rune of Zot
 73865 | Swamp:4  | Learned a level 5 spell: Silence
 74241 | Slime:1  | Entered Level 1 of the Pits of Slime
 74444 | Slime:3  | Reached skill level 10 in Transmutations
 74454 | Slime:3  | Gained mutation: You are dopey. (Int -2) [a shining eye]
 74681 | Slime:5  | Entered Level 5 of the Pits of Slime
 74919 | Slime:5  | Reached XP level 27. HP: 161/262 MP: 40/40
 75217 | Slime:5  | Noticed the Royal Jelly
 75220 | Slime:5  | Found a viscous altar of Jiyva.
 75565 | Lair:2   | Bought a pair of heavily runed gloves for 332 gold pieces
 75566 | Lair:2   | Identified the +1 pair of gloves "Zynwih" {+Inv} (You bought it in a shop on level 2 of the Lair of Beasts)
 76478 | Crypt:3  | Got a clouded lead ring
 76857 | Crypt:3  | Got a steaming tin ring
 76882 | Crypt:3  | Got a wavering steel ring
 76938 | Crypt:3  | Identified the ring of Ymmib {rN+ Str+8 Int+4 Stlth-} (You took it off a vampire knight on level 3 of the Crypt)
 76940 | Crypt:3  | Identified the ring of Wenug {rN+ Dex+2} (You took it off a vampire knight on level 3 of the Crypt)
 76943 | Crypt:3  | Identified the ring "Muosu" {+Fly rF- rC- rN+ Str+7} (You found it on level 3 of the Crypt)
 76959 | Crypt:3  | Learned a level 3 spell: Mephitic Cloud
 76963 | Crypt:3  | Learned a level 3 spell: Ignite Poison
 76966 | Crypt:3  | Learned a level 2 spell: Poisonous Vapours
 77140 | Crypt:3  | Noticed Jory
 77158 | Crypt:3  | Killed Jory
 77814 | Depths:5 | Entered Level 5 of the Depths
 77942 | Depths:5 | Noticed a juggernaut
 77958 | Depths:5 | Killed a juggernaut
 78014 | Depths:5 | Found a gate to the Realm of Zot.
 78106 | Depths:5 | Noticed Mennas
 78143 | Depths:5 | Killed Mennas
 78279 | Depths:5 | Found Qienarph's Book Boutique.
 78384 | Depths:5 | Found a runed gate.
 78384 | Depths:5 | Found a runed gate.
 78384 | Depths:5 | Found a runed gate.
 78384 | Depths:5 | Found a runed gate.
 78384 | Depths:5 | Found a runed gate.
 78384 | Depths:5 | Found a runed gate.
 78745 | Zot:1    | Entered Level 1 of the Realm of Zot
 78820 | Zot:1    | Reached skill level 5 in Hexes
 78972 | Zot:1    | Reached skill level 15 in Transmutations
 79712 | Zot:1    | Noticed an orb of fire
 79714 | Zot:1    | Gained mutation: Your body sometimes deteriorates upon taking damage. [an orb of fire]
 79718 | Zot:1    | Gained mutation: Scrolls take you a little longer to read. [an orb of fire]
 79726 | Zot:1    | Gained mutation: Your magical capacity is low. (-10% MP) [an orb of fire]
 79729 | Zot:1    | Killed an orb of fire
 79764 | Zot:1    | Got a smoking buckler
 79785 | Zot:2    | Noticed an orb of fire
 79793 | Zot:2    | Noticed an orb of fire
 79795 | Zot:2    | Killed an orb of fire
 79804 | Zot:2    | Gained mutation: You are partially covered in molten scales. (AC +2) [an orb of fire]
 79810 | Zot:2    | Gained mutation: You are clumsy. (Dex -2) [an orb of fire]
 79814 | Zot:2    | Gained mutation: You tend to lose your temper in combat. [an orb of fire]
 79814 | Zot:2    | Gained mutation: You are frail. (-10% HP) [an orb of fire]
 79815 | Zot:2    | Gained mutation: Your body often deteriorates upon taking damage. [an orb of fire]
 79816 | Zot:2    | Gained mutation: You are very frail. (-20% HP) [an orb of fire]
 79819 | Zot:2    | Killed an orb of fire
 80394 | Zot:2    | Reached skill level 15 in Spellcasting
 82447 | Zot:5    | Entered Level 5 of the Realm of Zot
 82831 | Zot:5    | Lost mutation: You are dopey. (Int -2) [potion of mutation]
 82831 | Zot:5    | Lost mutation: Scrolls take you a little longer to read. [potion of mutation]
 82831 | Zot:5    | Lost mutation: You are very frail. (-20% HP) [potion of mutation]
 82831 | Zot:5    | Lost mutation: You tend to lose your temper in combat. [potion of mutation]
 82831 | Zot:5    | Gained mutation: You have a pair of small horns on your head. [potion of mutation]
 82831 | Zot:5    | Gained mutation: You are resistant to electric shocks. (rElec) [potion of mutation]
 82945 | Hell     | Bought a bloodstained cloak for 446 gold pieces
 82955 | Hell     | Identified the cursed +0 cloak of True Grit {rPois rC+ Stlth+} (You bought it in a shop in the Vestibule of Hell)
 84938 | Coc:5    | Noticed an ancient lich
 84950 | Coc:5    | Killed an ancient lich
 85449 | Coc:7    | Entered Level 7 of Cocytus
 85697 | Geh:1    | Entered Level 1 of Gehenna
 85964 | Depths:3 | Voluntarily entered the Abyss.
 87247 | Abyss:2  | Found a corrupted altar of Lugonu.
 87467 | Abyss:3  | Got an abyssal rune of Zot
 87923 | Abyss:5  | Entered Level 5 of the Abyss
 87983 | Abyss:5  | Found a runed gate.
 87983 | Abyss:5  | Found a runed gate.
 87984 | Abyss:5  | Found a runed gate.
 88200 | Abyss:5  | Found a runed gate.
 88231 | Depths:3 | Escaped the Abyss
 88242 | Depths:3 | Got a pair of brightly glowing gloves
 88243 | Depths:3 | Identified the +2 pair of gloves of Creativity {rF+ rN+ Str-5} (You acquired it on level 3 of the Depths)
 88553 | Snake:3  | Noticed letownia2's illusion
 88711 | Snake:3  | Found a runed door.
 88729 | Snake:3  | Reached skill level 5 in Air Magic
 89713 | Slime:2  | Gained mutation: Your magical capacity is very low. (-20% MP) [a shining eye]
 90132 | Tomb:1   | Entered Level 1 of the Tomb of the Ancients
 90530 | Tomb:1   | Noticed a greater mummy
 90532 | Tomb:1   | Noticed a greater mummy
 90534 | Tomb:1   | Noticed a greater mummy
 90573 | Tomb:1   | Killed a greater mummy
 90580 | Tomb:1   | HP: 11/235 [poisoned by a reaper]
 90580 | Tomb:1   | Slain by a greater mummy

Skill      XL: |  1  2  3  4  5  6  7  8  9 10 11 12 13 14 15 16 17 18 19 20 21 22 23 24 25 26 27 |
---------------+----------------------------------------------------------------------------------+-----
Spellcasting   | 2 3 4 6 8 9 10 12 13 17 | 17.1
Necromancy     | 5 6 8 9 11 12 13 14 15 18 19 23 | 23.3
Fighting       | 1 2 5 6 7 9 12 14 15 17 18 | 18.6
Armour         | 1 2 3 9 11 12 15 17 19 20 24 | 24.1
Axes           | 3 7 9 11 15 17 20 22 23 25 26 | 26.7
Evocations     | 1 6 |  6.0
Dodging        | 3 4 7 8 12 13 14 | 14.4
Summonings     | 1 2 |  2.7
Fire Magic     | 1 2 |  2.6
Translocations | 1 3 |  3.2
Hexes          | 2 5 |  5.0
Charms         | 2 |  2.4
Air Magic      | 2 8 |  8.0
Transmutations | 11 18 | 18.2
Stealth        | |  2.4

Action                   |  1- 3 |  4- 6 |  7- 9 | 10-12 | 13-15 | 16-18 | 19-21 | 22-24 | 25-27 || total
-------------------------+-------+-------+-------+-------+-------+-------+-------+-------+-------++-------
Melee: Unarmed           |    11 |       |       |       |       |       |       |     6 |       ||    17
       Short sword       |     6 |    57 |    92 |       |       |       |       |       |       ||   155
       Hand axe          |       |       |   237 |   334 |       |       |       |       |       ||   571
       Whip              |       |       |       |   563 |       |       |       |       |       ||   563
       War axe           |       |       |       |     9 |   407 |       |       |       |       ||   416
       Battleaxe         |       |       |       |     2 |    11 |       |       |       |       ||    13
       Executioner's axe |       |       |       |       |   473 |  1533 |  1692 |  1868 |  4664 || 10230
       Headbutt          |       |       |       |       |       |       |       |       |   507 ||   507
 Fire: Blowgun           |       |       |       |       |     2 |       |       |       |       ||     2
 Cast: Pain              |    39 |    26 |    89 |     9 |     1 |       |       |     9 |       ||   173
       Vampiric Draining |     4 |    23 |    63 |   331 |   496 |   248 |    63 |    20 |    30 ||  1278
       Inner Flame       |       |       |       |       |       |       |       |       |     1 ||     1
       Necromutation     |       |       |       |       |       |       |       |       |     8 ||     8
       Swiftness         |       |       |       |       |       |       |       |       |     1 ||     1
       Silence           |       |       |       |       |       |       |       |       |     1 ||     1
Invok: Call Merchant     |       |       |       |     2 |     5 |     2 |     2 |     2 |     5 ||    18
       Potion Petition   |       |       |       |       |       |     1 |     1 |       |       ||     2
 Abil: Evoke Berserk Rag |       |       |       |       |     1 |     1 |       |     2 |     2 ||     6
       End Transformatio |       |       |       |       |       |       |       |       |     2 ||     2
Evoke: Wand              |       |       |     2 |    16 |    50 |    63 |     8 |       |     2 ||   141
       Fan of gales      |       |       |       |     1 |       |       |     2 |       |       ||     3
       Sack of spiders   |       |       |       |     2 |       |     7 |     3 |       |       ||    12
       Lamp of fire      |       |       |       |       |       |     1 |     1 |       |     1 ||     3
       Box of beasts     |       |       |       |       |       |     1 |       |       |       ||     1
  Use: Scroll            |       |     2 |     1 |    24 |    30 |    11 |     8 |     5 |    20 ||   101
       Potion            |       |       |       |       |     4 |    12 |     7 |     2 |    18 ||    43
 Stab: Sleeping          |     1 |       |       |       |     1 |       |       |       |       ||     2
       Distracted        |       |       |       |     1 |     9 |    17 |    24 |    30 |    68 ||   149
       Petrified         |       |       |       |       |     5 |       |     3 |       |       ||     8
       Petrifying        |       |       |       |       |     2 |       |       |       |       ||     2
       Paralysed         |       |       |       |       |       |     9 |       |       |     1 ||    10
       Invisible         |       |       |       |       |       |       |    11 |       |       ||    11
       Confused          |       |       |       |       |       |       |       |     1 |     2 ||     3
  Eat: Chunk             |     1 |     7 |    11 |     1 |       |       |       |       |       ||    20
       Fruit             |       |       |     1 |    15 |    17 |     5 |       |     2 |    23 ||    63
       Meat ration       |       |       |     1 |     1 |     3 |     4 |     2 |     1 |     7 ||    19
       Royal jelly       |       |       |     4 |     5 |     1 |     6 |       |     6 |     7 ||    29
       Bread ration      |       |       |       |       |     4 |     1 |     5 |     5 |     9 ||    24
Armor: Robe              |     9 |     2 |       |       |       |       |       |       |       ||    11
       Leather armour    |       |    16 |    20 |       |       |       |       |       |       ||    36
       Fire dragon scale |       |       |   220 |   681 |   567 |       |       |       |       ||  1468
       Scale mail        |       |       |       |       |     2 |       |       |       |       ||     2
       Plate armour      |       |       |       |       |   415 |  1040 |   645 |       |       ||  2100
       Crystal plate arm |       |       |       |       |       |       |   263 |  1621 |  3299 ||  5183
Dodge: Dodged            |    26 |    55 |   245 |   522 |   563 |   570 |   929 |  1128 |  3826 ||  7864
